[Event "2026 European Womens Championship"]
[Site "Batumi, GE"]
[Date "2026.06.01"]
[Round "7"]
[White "Maisuradze, Nino"]
[Black "Nenova, Andzhelika"]
[Result "1-0"]
[Board "106"]
[TimeControl "5400+30"]
[WhiteFideId "13601717"]
[BlackFideId "2939355"]
[WhiteElo "2198"]
[BlackElo "2072"]
[WhiteTitle "WGM"]
[WhiteClock "0:09:07"]
[BlackClock "0:02:02"]
[Variant "Standard"]

1. Nf3 d5 2. c4 e6 3. b3 Nf6 4. Bb2 Be7 5. e3 O-O 6. Be2 b6 7. cxd5 exd5 8. O-O Bb7 9. Nd4 Re8 10. Nc3 c5 11. Nf5 Bf8 12. d4 g6 13. Ng3 h5 14. Bf3 h4 15. Nge2 Na6 16. Rc1 Qd7 17. dxc5 bxc5 18. Na4 Ne4 19. Nf4 Qf5 20. Bg4 Qg5 21. f3 Nf6 22. Bxf6 Qxf6 23. Nxd5 Qe5 24. e4 Rad8 25. f4 Qg7 26. Bf3 Bxd5 27. exd5 Bd6 28. Be2 Nb4 29. a3 Nxd5 30. Qxd5 Rxe2 31. Nc3 Ree8 32. Qc4 Qf6 33. Rcd1 Bf8 34. Nd5 Qf5 35. h3 Kh8 36. Ne3 Qf6 37. Ng4 Qg7 38. Ne5 Kg8 39. Nd7 Rc8 40. f5 g5 41. Rd5 Re3 42. f6 Qg6 43. Nxf8 Kxf8 44. Qg4 Rce8 45. Rxg5 Qh7 46. Rh5 Qg8 47. Qxh4 R8e4 48. Rf4 Rg3 49. Qxg3 1-0

[Event "2026 European Womens Championship"]
[Site "Batumi, GE"]
[Date "2026.06.01"]
[Round "7"]
[White "Zeliantsova, Kseniya"]
[Black "Damaso Tacoronte, Carolina"]
[Result "1-0"]
[Board "107"]
[TimeControl "5400+30"]
[WhiteFideId "13512617"]
[BlackFideId "2292858"]
[WhiteElo "2176"]
[BlackElo "1890"]
[WhiteTitle "WFM"]
[WhiteClock "0:00:46"]
[BlackClock "0:02:49"]
[Variant "Standard"]

1. e4 c6 2. d4 d5 3. e5 Bf5 4. h4 h5 5. Bd3 Bxd3 6. Qxd3 e6 7. Bg5 Be7 8. Nf3 Nh6 9. Bxh6 Rxh6 10. Nbd2 Nd7 11. c3 Rg6 12. g3 Qb6 13. O-O a5 14. c4 Qa6 15. Rac1 c5 16. Qc2 cxd4 17. cxd5 d3 18. Qc3 Bb4 19. Qd4 Rg4 20. Qe3 exd5 21. a3 Qg6 22. axb4 Rxg3+ 23. Kh2 Rg4 24. Rg1 d4 25. Qe1 Qf5 26. Rc4 Rf4 27. Rg3 Nf8 28. Rxd4 Rxd4 29. Nxd4 Qf4 30. Qe3 Qxh4+ 31. Rh3 Qg4 32. Nb5 Ne6 33. Nd6+ Ke7 34. Qf3 Nf4 35. Qxb7+ Ke6 36. Qxf7+ Kxe5 37. N6c4+ Kd4 38. Nb3+ Ke4 39. Re3# 1-0

[Event "2026 European Womens Championship"]
[Site "Batumi, GE"]
[Date "2026.06.01"]
[Round "7"]
[White "Buyuk, Ecrin Efsa"]
[Black "Berke, Ana"]
[Result "1/2-1/2"]
[Board "108"]
[TimeControl "5400+30"]
[WhiteFideId "44505175"]
[BlackFideId "14510359"]
[WhiteElo "2076"]
[BlackElo "2164"]
[WhiteTitle "WFM"]
[BlackTitle "WIM"]
[WhiteClock "0:01:00"]
[BlackClock "0:00:55"]
[Variant "Standard"]

1. e4 c5 2. Nc3 Nc6 3. Nge2 g6 4. d4 cxd4 5. Nxd4 Bg7 6. Nde2 Nf6 7. g3 b5 8. Bg2 b4 9. Nd5 a5 10. O-O Ba6 11. Re1 O-O 12. a3 e6 13. Ne3 Qc7 14. axb4 axb4 15. Rb1 Rfc8 16. b3 Ne5 17. h3 d6 18. Bb2 Bb7 19. f4 Ned7 20. Qd4 Ra2 21. Qxb4 d5 22. e5 Ne4 23. Bxe4 dxe4 24. Bd4 Ba6 25. Qd2 Bf8 26. b4 Nb6 27. Nc3 Ra3 28. Nxe4 Nc4 29. Nxc4 Qxc4 30. c3 Bb7 31. Qe2 Qc7 32. g4 Be7 33. g5 Rca8 34. Qd3 Ra2 35. Re2 Qc6 36. b5 Qd7 37. Rxa2 Rxa2 38. b6 Kg7 39. Re1 Qa4 40. Bf2 Rc2 41. Qd4 Qa2 42. Nd6 Bc6 43. b7 Rb2 44. Rd1 Bxb7 45. Ne8+ Kf8 46. Nf6 Rb1 47. Qd3 Rxd1+ 48. Qxd1 Qa6 49. Kh2 Qc6 50. Qg1 Qxc3 51. Be3 Qc6 52. Kg3 Qf3+ 53. Kh4 Kg7 54. Qf2 Qc6 55. Qd2 Qh1 56. Kg3 Qf3+ 57. Kh4 Bc6 58. Qf2 Qh1 59. Qg1 Qf3 60. Qf2 Qd1 61. Bc5 Bd8 62. Bb6 Be7 63. Bc5 Bd8 64. Bb6 Bxb6 65. Qxb6 Bf3 66. Kg3 Ba8 1/2-1/2

[Event "2026 European Womens Championship"]
[Site "Batumi, GE"]
[Date "2026.06.01"]
[Round "7"]
[White "Hariharan, Shambavi"]
[Black "Gueci, Tea"]
[Result "1-0"]
[Board "109"]
[TimeControl "5400+30"]
[WhiteFideId "488160"]
[BlackFideId "872342"]
[WhiteElo "2008"]
[BlackElo "2160"]
[WhiteTitle "WFM"]
[BlackTitle "WIM"]
[WhiteClock "0:11:16"]
[BlackClock "0:01:02"]
[Variant "Standard"]

1. d4 d5 2. c4 e6 3. Nf3 Nf6 4. g3 Bb4+ 5. Bd2 a5 6. a3 Be7 7. Bg2 O-O 8. O-O c6 9. Bf4 Nbd7 10. Nbd2 b6 11. e4 Nxe4 12. Nxe4 dxe4 13. Ne5 Nxe5 14. dxe5 Ba6 15. Rc1 f5 16. exf6 Bxf6 17. Qc2 Qd3 18. Bxe4 Qxc2 19. Rxc2 Rfd8 20. b4 Rac8 21. Be3 Bd4 22. bxa5 bxa5 23. Rb1 Rd6 24. Bd2 Bc5 25. Bxa5 Rd4 26. Bg2 Bxa3 27. Bf1 Bc5 28. Bb6 Rb8 29. Bxc5 Rxb1 30. Bxd4 Re1 31. f4 Rd1 32. Be5 c5 33. Kf2 Bb7 34. Bg2 1-0

[Event "2026 European Womens Championship"]
[Site "Batumi, GE"]
[Date "2026.06.01"]
[Round "7"]
[White "Koghuashvili, Tekla"]
[Black "Huseynova, Lala"]
[Result "0-1"]
[Board "110"]
[TimeControl "5400+30"]
[WhiteFideId "13621564"]
[BlackFideId "13431781"]
[WhiteElo "1921"]
[BlackElo "2149"]
[BlackTitle "WFM"]
[WhiteClock "0:45:54"]
[BlackClock "0:27:57"]
[Variant "Standard"]

1. e4 c5 2. Nf3 d6 3. d4 cxd4 4. Nxd4 Nf6 5. Nc3 a6 6. Bg5 e6 7. f4 h6 8. Bh4 Qb6 9. a3 Nbd7 10. Bf2 Qc7 11. Qf3 Rb8 12. O-O-O Be7 13. g4 g5 14. h4 gxf4 15. Rg1 b5 16. g5 Ne5 17. Qxf4 Nh5 18. Qe3 hxg5 19. hxg5 b4 20. axb4 Rxb4 21. Be2 Ng7 22. Nf3 Rh3 23. Bg3 Qa5 24. Nb1 Nxf3 25. Bxf3 Bxg5 26. Bf4 Nf5 27. Qd2 Qa1 28. Qxb4 Bxf4+ 29. Rd2 Rh2 30. Rg8+ Ke7 31. Bg2 Ng3 32. e5 Ne2+ 33. Kd1 Qxb1+ 34. Kxe2 Bxe5 35. Qb6 Rxg2+ 36. Rxg2 Bd7 37. Rg8 Bb5+ 38. Kf3 Qf1+ 39. Qf2 Qh3+ 40. Rg3 Bc6+ 41. Ke2 Bxg3 42. Qa7+ Kf8 43. c4 Qg2+ 44. Kd3 Be4+ 45. Kc3 Be5+ 46. Rd4 Qc2+ 47. Kb4 Qxb2+ 48. Ka5 Qa3+ 49. Kb6 Bxd4+ 50. c5 Qxc5+ 51. Kxa6 Qxa7+ 52. Kb5 Qc5+ 0-1

[Event "2026 European Womens Championship"]
[Site "Batumi, GE"]
[Date "2026.06.01"]
[Round "7"]
[White "Ashotia, Barbare"]
[Black "Skvortsova, Alena"]
[Result "1/2-1/2"]
[Board "111"]
[TimeControl "5400+30"]
[WhiteFideId "13625187"]
[BlackFideId "24166251"]
[WhiteElo "1913"]
[BlackElo "2135"]
[BlackTitle "WFM"]
[WhiteClock "0:17:31"]
[BlackClock "0:01:36"]
[Variant "Standard"]

1. e4 g6 2. d4 Bg7 3. Nf3 d6 4. Nc3 Nf6 5. g3 O-O 6. Bg2 c6 7. O-O Qc7 8. e5 dxe5 9. Nxe5 Rd8 10. Ne2 c5 11. c3 cxd4 12. cxd4 Nd5 13. Nf4 Nb6 14. Nf3 Nc6 15. Ne2 Bg4 16. Be3 e5 17. Rc1 exd4 18. Bf4 Qd7 19. Qd2 a5 20. Ne1 Re8 21. f3 Be6 22. b3 a4 23. Nd3 axb3 24. axb3 Bxb3 25. Nc5 Qe7 26. Nxb3 Qxe2 27. Rfe1 Qxd2 28. Rxe8+ Rxe8 29. Bxd2 Nd5 30. f4 Nc3 31. Kf1 Ne4 32. Bxe4 Rxe4 33. Nc5 Re7 34. Nxb7 Rxb7 35. Rxc6 h5 36. Ke2 Kf8 37. Rc5 Bf6 38. Rc6 Kg7 39. Be1 Rb2+ 40. Bd2 Rb1 41. Rc1 Rb3 42. Rd1 h4 43. Be1 Kh6 44. Bf2 Kh5 45. Bxd4 Bxd4 46. Rxd4 hxg3 47. hxg3 Rxg3 48. Rd7 f5 49. Rd6 Kg4 50. Rxg6+ Kxf4 51. Ra6 Rb3 52. Kf2 Rb2+ 53. Kf1 Rb3 54. Kf2 Rb2+ 55. Kf1 Rd2 56. Ra4+ Ke3 57. Ra3+ Ke4 58. Ra4+ Kf3 59. Ra3+ Kg4 60. Ra4+ Kg5 61. Rb4 f4 62. Rb5+ Kg4 63. Rb3 Ra2 64. Rc3 Kf5 65. Rb3 Rd2 66. Rb5+ Ke4 67. Rb4+ Ke3 68. Rb3+ Ke4 69. Rb4+ Kf3 70. Rb3+ Kg4 71. Ra3 Rd1+ 72. Kf2 Rb1 73. Rc3 Rb5 74. Ra3 Rb4 75. Rc3 f3 76. Rc8 Rb2+ 77. Kf1 Kg3 78. Rg8+ 1/2-1/2

[Event "2026 European Womens Championship"]
[Site "Batumi, GE"]
[Date "2026.06.01"]
[Round "7"]
[White "Nadanyan, Kiti"]
[Black "Kochavi, Dana"]
[Result "1-0"]
[Board "112"]
[TimeControl "5400+30"]
[WhiteFideId "13316710"]
[BlackFideId "2837137"]
[WhiteElo "1801"]
[BlackElo "2209"]
[BlackTitle "FM"]
[WhiteClock "1:02:19"]
[BlackClock "0:05:07"]
[Variant "Standard"]

1. e4 c5 2. Nc3 Nc6 3. g3 g6 4. Bg2 Bg7 5. d3 e6 6. Be3 d6 7. Qd2 Rb8 8. a4 a6 9. Nge2 Nd4 10. Nd1 b6 11. Nc1 e5 12. c3 Nc6 13. Ne2 Na5 14. Nc1 Nc6 15. Ne2 Be6 16. d4 Na5 17. d5 Nc4 18. Qd3 Nxe3 19. Nxe3 Bc8 20. O-O h5 21. f4 h4 22. fxe5 Bxe5 23. Nc4 Bg7 24. Qf3 Qe7 25. Nxd6+ Kd7 26. Nxc8 Kxc8 27. Qxf7 hxg3 28. Nxg3 Rb7 29. Bh3+ Kd8 30. Qxe7+ Rxe7 31. Be6 Nf6 32. Rae1 Nd7 33. Bg4 Ne5 34. Be2 c4 35. Kg2 Kc7 36. Rf2 Bh6 37. Rf6 Reh7 38. Rh1 Bf8 39. h3 Bd6 40. Nf1 b5 41. Nd2 g5 42. Rff1 Ng6 43. Bg4 Nf4+ 44. Kf3 Nd3 45. Ke2 Nxb2 46. axb5 axb5 47. Ra1 Na4 48. Nxc4 Nxc3+ 49. Kd3 Bb4 50. Ra7+ Kb8 51. Rxh7 Rxh7 52. Ne5 Kc7 53. Nc6 Nxd5 54. exd5 Bc5 55. Nd4 Kd6 56. Be6 Bxd4 57. Kxd4 Rc7 58. Rg1 b4 59. Rxg5 b3 60. Rg1 b2 61. Rb1 Rc2 62. Kd3 Rg2 63. Kc3 Kc5 64. Rxb2 Rg3+ 65. Kc2 Rf3 66. Rb3 Rf2+ 67. Kd1 Rh2 68. Ke1 Rc2 69. Kf1 Rc1+ 70. Kg2 Kd6 71. Re3 Ra1 72. h4 Ra4 73. Kg3 Rd4 74. h5 Ke7 75. Rf3 Rd1 76. Kh4 Rh1+ 77. Kg5 Rg1+ 78. Kh6 Rg2 79. Kh7 Rg5 80. h6 Rg2 81. Kh8 Rg5 82. h7 Rg6 83. Rf7+ Kd6 84. Rg7 Rf6 85. Kg8 1-0

[Event "2026 European Womens Championship"]
[Site "Batumi, GE"]
[Date "2026.06.01"]
[Round "7"]
[White "Starosta, Martyna"]
[Black "Rusitashvili, Tea"]
[Result "1-0"]
[Board "113"]
[TimeControl "5400+30"]
[WhiteFideId "21818754"]
[BlackFideId "13640771"]
[WhiteElo "2175"]
[BlackElo "1929"]
[WhiteTitle "WIM"]
[BlackTitle "WCM"]
[WhiteClock "0:12:13"]
[BlackClock "0:14:50"]
[Variant "Standard"]

1. e4 c5 2. Nf3 Nc6 3. Bb5 g6 4. O-O Bg7 5. c3 Nf6 6. Re1 O-O 7. d4 d5 8. e5 Ne4 9. Be3 cxd4 10. cxd4 Qb6 11. Bxc6 bxc6 12. Qc1 f6 13. Nc3 Nxc3 14. Qxc3 Bg4 15. Nd2 Rab8 16. Nb3 fxe5 17. dxe5 Qc7 18. Bd4 Bf5 19. Nc5 Qc8 20. e6 Bxd4 21. Qxd4 Rd8 22. Rac1 Rd6 23. Re3 a5 24. a3 Bxe6 25. Rce1 Bf7 26. Rxe7 Qf5 27. g4 Qg5 28. h4 Qh6 29. g5 Qg7 30. Qf4 Rbd8 31. Nb7 R6d7 32. Nxd8 Rxd8 33. Qc7 Rf8 34. R1e5 h6 35. Qxc6 hxg5 36. hxg5 Qh7 37. Qc3 Qh5 38. Qg3 Qd1+ 39. Re1 Qd4 40. Qe5 Qg4+ 41. Qg3 Qd4 42. Kg2 Qa4 43. Rh1 Qd4 44. Qh4 Qg7 45. Qh6 Rb8 46. Rh4 Re8 47. Rxe8+ Bxe8 48. Qxg7+ Kxg7 49. Rf4 a4 50. Kf3 Bd7 51. Ke3 Bb5 52. Rf6 Bc4 53. Kd4 Bb3 54. f4 Ba2 55. Ke5 Bb3 56. Rd6 Kf7 57. Rd7+ Ke8 58. Rg7 Bc2 59. Kxd5 Bf5 60. Ke5 1-0

[Event "2026 European Womens Championship"]
[Site "Batumi, GE"]
[Date "2026.06.01"]
[Round "7"]
[White "Diasamidze, Lulu"]
[Black "Mamedjarova, Zeinab"]
[Result "0-1"]
[Board "114"]
[TimeControl "5400+30"]
[WhiteFideId "13623818"]
[BlackFideId "13401521"]
[WhiteElo "1924"]
[BlackElo "2137"]
[BlackTitle "WGM"]
[WhiteClock "0:05:39"]
[BlackClock "0:11:21"]
[Variant "Standard"]

1. e4 d5 2. exd5 Nf6 3. Nf3 Nxd5 4. d4 Bg4 5. c4 Nb6 6. c5 Nd5 7. Qb3 Bc8 8. Bc4 e6 9. Nc3 Nxc3 10. Qxc3 Be7 11. O-O O-O 12. b4 b6 13. Bf4 Bb7 14. Rad1 Bf6 15. Qb3 c6 16. a4 Na6 17. Ne5 Nc7 18. Ng4 Be7 19. Qg3 Nd5 20. Bxd5 cxd5 21. Bc7 Qe8 22. Qb3 bxc5 23. dxc5 a6 24. Be5 Bc6 25. Ra1 f6 26. Bc3 Kh8 27. Bd2 e5 28. f4 Qg6 29. Qg3 Bd7 30. Ne3 Qd3 31. Rfd1 d4 32. Nd5 Qxg3 33. hxg3 Bd8 34. b5 axb5 35. a5 Be6 36. Nb6 Ra7 37. Bb4 Bc7 38. fxe5 fxe5 39. c6 Rd8 40. Be7 Re8 41. Bc5 Ra6 42. Rdb1 Bc4 43. Kf2 h6 44. Rc1 Re6 45. Nxc4 bxc4 46. Rxc4 Rexc6 47. Kf3 Rxa5 48. Rac1 Bd6 49. Bxd6 Rxd6 50. Ke4 Rg6 51. Ra1 0-1

[Event "2026 European Womens Championship"]
[Site "Batumi, GE"]
[Date "2026.06.01"]
[Round "7"]
[White "Kalandadze, Mariam"]
[Black "Donghvani, Nia"]
[Result "1-0"]
[Board "115"]
[TimeControl "5400+30"]
[WhiteFideId "13621122"]
[BlackFideId "13614649"]
[WhiteElo "1892"]
[BlackElo "2117"]
[BlackTitle "WFM"]
[WhiteClock "0:45:33"]
[BlackClock "0:15:28"]
[Variant "Standard"]

1. d4 Nf6 2. c4 e6 3. Nf3 Bb4+ 4. Bd2 Bxd2+ 5. Qxd2 O-O 6. g3 d5 7. Bg2 Nbd7 8. O-O c6 9. Nc3 dxc4 10. a4 e5 11. Rfd1 Qe7 12. d5 cxd5 13. Nxd5 Nxd5 14. Qxd5 e4 15. Nd4 e3 16. f4 Nb6 17. Qh5 a5 18. Qb5 Ra6 19. b3 Bd7 20. Bc6 Bxc6 21. Nxc6 Qe8 22. Nxa5 cxb3 23. Rdb1 Rxa5 24. Qxa5 Nc4 25. Qc3 b2 26. Qxc4 bxa1=Q 27. Rxa1 Qd7 28. Qd3 Qe7 29. Ra3 Re8 30. Rc3 Qb4 31. Qb5 Qe4 32. Rc4 Qe6 33. Rc5 f6 34. Qc4 Qxc4 35. Rxc4 f5 36. Kg2 Re4 37. Rxe4 fxe4 38. Kh3 Kf7 39. Kg4 Ke6 40. f5+ Ke5 41. a5 h6 42. h3 Kd5 43. Kf4 Kc5 44. Kxe4 Kb5 45. Kxe3 Kxa5 46. Kd4 b5 47. e4 b4 48. e5 Ka4 49. e6 b3 50. e7 b2 51. e8=Q+ Ka3 52. Kc3 1-0

[Event "2026 European Womens Championship"]
[Site "Batumi, GE"]
[Date "2026.06.01"]
[Round "7"]
[White "Saltkhutsishvili, Sara"]
[Black "Lomaia, Diana"]
[Result "0-1"]
[Board "116"]
[TimeControl "5400+30"]
[WhiteFideId "13636995"]
[BlackFideId "13612476"]
[WhiteElo "1763"]
[BlackElo "2110"]
[BlackTitle "WFM"]
[WhiteClock "0:01:00"]
[BlackClock "0:00:48"]
[Variant "Standard"]

1. e4 e5 2. Nf3 Nc6 3. Bc4 Nf6 4. d3 Be7 5. O-O O-O 6. c3 d5 7. exd5 Nxd5 8. Re1 Bg4 9. h3 Bh5 10. Nbd2 Nb6 11. Bb3 Kh8 12. Ne4 f6 13. Ng3 Bg6 14. Bc2 f5 15. b4 a6 16. Bb2 Bf6 17. Rb1 Nd5 18. Qd2 Re8 19. a4 b5 20. Nf1 Qd6 21. a5 Rad8 22. Red1 Qf8 23. Qc1 e4 24. dxe4 fxe4 25. Nd4 Nxc3 26. Bxc3 Bxd4 27. Be1 Ne5 28. Ne3 Qf6 29. Rxd4 Rxd4 30. Bc3 Rdd8 31. Ng4 Nf3+ 32. gxf3 Qxc3 33. Ne3 Qf6 34. Bxe4 Bxe4 35. fxe4 Qg6+ 36. Kh2 Qxe4 37. Rb2 Qf4+ 38. Kg1 Re6 39. Rd2 Rg6+ 40. Kf1 Rf8 41. Ng4 h5 0-1

[Event "2026 European Womens Championship"]
[Site "Batumi, GE"]
[Date "2026.06.01"]
[Round "7"]
[White "Akat, Elifnaz"]
[Black "Kalyoncu, Beren"]
[Result "1/2-1/2"]
[Board "117"]
[TimeControl "5400+30"]
[WhiteFideId "34560556"]
[BlackFideId "51608383"]
[WhiteElo "2061"]
[BlackElo "1840"]
[WhiteTitle "WFM"]
[BlackTitle "WCM"]
[WhiteClock "0:03:18"]
[BlackClock "0:02:27"]
[Variant "Standard"]

1. e4 e6 2. d4 d5 3. Nd2 c5 4. Ngf3 cxd4 5. Nxd4 Nf6 6. e5 Nfd7 7. f4 Nxe5 8. Nxe6 Bxe6 9. fxe5 Nc6 10. Nf3 Bc5 11. Bd3 h6 12. c3 Qb6 13. Rf1 a5 14. Qa4 O-O-O 15. Qb5 g5 16. h3 Rde8 17. Bd2 f6 18. b4 Qxb5 19. Bxb5 Bb6 20. bxa5 Bxa5 21. O-O-O fxe5 22. Bxc6 bxc6 23. Nxe5 Kc7 24. Rf6 Kd6 25. Re1 Rh7 26. h4 Bd8 27. Rg6 c5 28. Nf3 Kd7 29. Ne5+ Kc8 30. Nf3 Bd7 31. Rd6 Re4 32. Re2 Rxe2 33. Ne1 1/2-1/2

[Event "2026 European Womens Championship"]
[Site "Batumi, GE"]
[Date "2026.06.01"]
[Round "7"]
[White "Dimitrijevic, Aleksandra"]
[Black "Gharibyan, Mane"]
[Result "1-0"]
[Board "118"]
[TimeControl "5400+30"]
[WhiteFideId "929239"]
[BlackFideId "13306430"]
[WhiteElo "2059"]
[BlackElo "1776"]
[WhiteTitle "WGM"]
[WhiteClock "0:12:50"]
[BlackClock "0:00:35"]
[Variant "Standard"]

1. d4 Nf6 2. c4 e6 3. g3 c5 4. d5 exd5 5. cxd5 d6 6. Nc3 g6 7. Bg2 Bg7 8. Nf3 O-O 9. O-O Re8 10. Nd2 Nbd7 11. a4 a6 12. h3 Nh5 13. Kh2 Rb8 14. a5 b5 15. axb6 Nxb6 16. e4 a5 17. Re1 Bd7 18. Bf1 Bd4 19. Kg2 Qc8 20. g4 Nf4+ 21. Kg1 h5 22. Nf3 Bxc3 23. bxc3 Nxh3+ 24. Bxh3 hxg4 25. Ng5 gxh3 26. Qf3 Rf8 27. Qf6 Nc4 28. Ne6 fxe6 29. Qxg6+ Kh8 30. Qh5+ Kg8 31. Bh6 Rf7 32. Kh1 e5 33. Rg1+ Bg4 34. Rxg4+ Qxg4 35. Qxg4+ Kh8 36. Rg1 h2 37. Bg7+ Kg8 38. Bf6+ 1-0

[Event "2026 European Womens Championship"]
[Site "Batumi, GE"]
[Date "2026.06.01"]
[Round "7"]
[White "Tsirulnik, Maritsa"]
[Black "Kalayci, Nino"]
[Result "1-0"]
[Board "119"]
[TimeControl "5400+30"]
[WhiteFideId "14118688"]
[BlackFideId "13603221"]
[WhiteElo "2028"]
[BlackElo "1755"]
[WhiteTitle "WFM"]
[BlackTitle "WCM"]
[WhiteClock "0:33:27"]
[BlackClock "0:00:35"]
[Variant "Standard"]

1. c4 e5 2. d3 Nc6 3. Nf3 Nf6 4. a3 a5 5. Nc3 d5 6. cxd5 Nxd5 7. e4 Nf6 8. Be2 h6 9. h3 Be6 10. Be3 Be7 11. O-O O-O 12. Rc1 Nd7 13. Nb5 a4 14. d4 Bb3 15. Qe1 exd4 16. Nfxd4 Nxd4 17. Nxd4 Nc5 18. f3 Be6 19. Qg3 Bh4 20. Qh2 Qd6 21. e5 Qd5 22. Bc4 Qd8 23. Nxe6 Nxe6 24. Rcd1 Qc8 25. f4 b5 26. Ba2 f5 27. exf6 Bxf6 28. f5 Kh8 29. Bxe6 1-0

[Event "2026 European Womens Championship"]
[Site "Batumi, GE"]
[Date "2026.06.01"]
[Round "7"]
[White "Xing, Lida"]
[Black "Muradyan, Anahit"]
[Result "0-1"]
[Board "120"]
[TimeControl "5400+30"]
[WhiteFideId "13326171"]
[BlackFideId "13314807"]
[WhiteElo "1598"]
[BlackElo "1977"]
[WhiteClock "0:15:23"]
[BlackClock "0:59:32"]
[Variant "Standard"]

1. e4 c5 2. Nf3 e6 3. d4 cxd4 4. Nxd4 a6 5. c4 Qc7 6. Nc3 Bc5 7. Be3 Nf6 8. Be2 d6 9. O-O Bd7 10. Nc2 Bxe3 11. Nxe3 Nc6 12. Kh1 O-O 13. f4 Qb6 14. Qd2 Rfd8 15. Rad1 Be8 16. Qc1 Nd4 17. Bd3 Rac8 18. Bb1 Nc6 19. f5 Ne5 20. fxe6 fxe6 21. Rxf6 gxf6 22. Ned5 exd5 23. Nxd5 Qf2 24. Rf1 Qh4 25. g3 Qh3 26. Rf4 Rxc4 27. Qd1 Bg6 0-1

[Event "2026 European Womens Championship"]
[Site "Batumi, GE"]
[Date "2026.06.01"]
[Round "7"]
[White "Vakhania, Aleksandra"]
[Black "Chkhartishvili, Lika"]
[Result "0-1"]
[Board "121"]
[TimeControl "5400+30"]
[WhiteFideId "13602560"]
[BlackFideId "13635166"]
[WhiteElo "2079"]
[BlackElo "1822"]
[WhiteTitle "WIM"]
[WhiteClock "0:02:49"]
[BlackClock "0:22:17"]
[Variant "Standard"]

1. d4 d5 2. Nf3 Nf6 3. Bf4 c5 4. e3 cxd4 5. exd4 g6 6. Bd3 Bg7 7. Nbd2 O-O 8. h3 Nc6 9. c3 Re8 10. O-O Nd7 11. Qb3 e5 12. Bg5 Qa5 13. dxe5 Ndxe5 14. Nxe5 Nxe5 15. Bb5 Nc6 16. Qxd5 Re5 17. Qf3 Qxb5 18. Bf4 Re8 19. Ne4 Ne5 20. Qg3 Qc6 21. Rfe1 Bf5 22. Ng5 Nd3 23. Rxe8+ Rxe8 24. Be3 Nxb2 25. Qh4 h6 26. Nf3 g5 27. Qb4 Bxc3 28. Qa3 Nd3 29. Rd1 Be4 30. Nh2 b5 31. f3 Bf5 32. Bxa7 b4 33. Qa5 Qe6 34. Ng4 Bxg4 35. fxg4 Qe2 36. Qa4 Nb2 0-1

[Event "2026 European Womens Championship"]
[Site "Batumi, GE"]
[Date "2026.06.01"]
[Round "7"]
[White "Subramanian, Anusha"]
[Black "Manukyan, Tamara"]
[Result "1-0"]
[Board "122"]
[TimeControl "5400+30"]
[WhiteFideId "477710"]
[BlackFideId "13321307"]
[WhiteElo "2068"]
[BlackElo "1707"]
[WhiteTitle "WFM"]
[WhiteClock "0:00:45"]
[BlackClock "0:17:26"]
[Variant "Standard"]

1. e4 d5 2. exd5 Nf6 3. d4 Nxd5 4. c4 Nf6 5. Nf3 c5 6. d5 e6 7. Nc3 Be7 8. Bf4 Bd6 9. Bg5 h6 10. Bh4 O-O 11. Be2 exd5 12. cxd5 Bf5 13. O-O Nbd7 14. Bd3 Bg4 15. Ne4 Bf4 16. h3 Bh5 17. g4 Bg6 18. Qa4 Bxe4 19. Bxe4 b5 20. Qc2 Qb6 21. Bf5 c4 22. Bxd7 Nxd7 23. Qf5 Qd6 24. Be7 Qxe7 25. Qxf4 Qc5 26. Rad1 Nb6 27. d6 Rad8 28. Rfe1 Nd5 29. Qe5 Rxd6 30. Nd4 g6 31. b4 Qb6 32. Nf5 gxf5 33. Rxd5 Re6 34. Qc3 fxg4 35. hxg4 Rxe1+ 36. Qxe1 Qc6 37. Qe4 Rc8 38. Rd8+ Kg7 39. Qd4+ Kh7 40. Qh8+ Kg6 41. Rxc8 Qe4 42. Rg8# 1-0

[Event "2026 European Womens Championship"]
[Site "Batumi, GE"]
[Date "2026.06.01"]
[Round "7"]
[White "Saraci, Rinesa"]
[Black "Krkyasharyan, Sona"]
[Result "0-1"]
[Board "123"]
[TimeControl "5400+30"]
[WhiteFideId "4701976"]
[BlackFideId "13316729"]
[WhiteElo "1754"]
[BlackElo "2063"]
[WhiteTitle "WCM"]
[BlackTitle "WFM"]
[WhiteClock "0:30:10"]
[BlackClock "1:09:56"]
[Variant "Standard"]

1. e4 c5 2. Nf3 d6 3. Bb5+ Nd7 4. d4 cxd4 5. Qxd4 a6 6. Bxd7+ Bxd7 7. Nc3 e5 8. Qd3 Rc8 9. a4 Qc7 10. O-O h6 11. Be3 Nf6 12. a5 Be7 13. Rfe1 O-O 14. Bb6 Qc6 15. Rac1 Be6 16. h3 Bd8 17. Bxd8 Rfxd8 18. Red1 Qc7 19. Ra1 d5 20. exd5 Nxd5 21. Qe4 Nxc3 22. Rxd8+ Rxd8 23. bxc3 Qxc3 24. Ra4 Qc5 25. Ra1 Qc3 26. Rb1 Bd5 27. Qf5 Re8 28. Qd7 Bc6 29. Qd2 Qxd2 30. Nxd2 f6 31. Nc4 Rd8 32. Ne3 Kf7 33. g3 Ke6 34. h4 g6 35. Kf1 f5 36. Rb4 Rd4 37. Rxd4 exd4 38. Ng2 Bxg2+ 39. Kxg2 Kd5 40. Kf3 Kc4 41. Ke2 Kc3 42. Kd1 Kb4 43. Kd2 Kxa5 44. Kd3 Kb4 45. Kxd4 a5 0-1

[Event "2026 European Womens Championship"]
[Site "Batumi, GE"]
[Date "2026.06.01"]
[Round "7"]
[White "Ediberidze, Alexandra"]
[Black "Esadze, Tamari"]
[Result "0-1"]
[Board "124"]
[TimeControl "5400+30"]
[WhiteFideId "13636685"]
[BlackFideId "13611186"]
[WhiteElo "1638"]
[BlackElo "1974"]
[WhiteClock "0:01:32"]
[BlackClock "0:15:28"]
[Variant "Standard"]

1. e4 c5 2. Nf3 d6 3. d4 cxd4 4. Nxd4 Nf6 5. Nc3 a6 6. Bc4 e6 7. Be3 Be7 8. f3 Qc7 9. Bb3 O-O 10. O-O Nc6 11. Qd2 Ne5 12. Kh1 b5 13. h4 Ng6 14. Bg5 Nh5 15. Nde2 h6 16. Bxe7 Qxe7 17. g3 Bb7 18. Kg2 Kh8 19. Rae1 Rac8 20. Nd1 Rc5 21. Ne3 Nxh4+ 22. gxh4 Qxh4 23. Ng4 Bxe4 24. Qxd6 Qxg4+ 25. Kh1 0-1

[Event "2026 European Womens Championship"]
[Site "Batumi, GE"]
[Date "2026.06.01"]
[Round "7"]
[White "Avelino, Camila Biscaya"]
[Black "Danielyan, Lilia"]
[Result "1/2-1/2"]
[Board "125"]
[TimeControl "5400+30"]
[WhiteFideId "1938975"]
[BlackFideId "13319841"]
[WhiteElo "1937"]
[BlackElo "1728"]
[WhiteTitle "WFM"]
[WhiteClock "0:01:51"]
[BlackClock "0:01:02"]
[Variant "Standard"]

1. e4 c5 2. Nf3 Nc6 3. Nc3 Nf6 4. Bb5 Nd4 5. e5 Nxb5 6. Nxb5 Nd5 7. O-O e6 8. c4 Nb4 9. d4 cxd4 10. Nfxd4 a6 11. Nd6+ Bxd6 12. exd6 O-O 13. Be3 Qf6 14. a3 Nc6 15. Nxc6 bxc6 16. Qd2 a5 17. a4 Ba6 18. b3 Rfb8 19. Rab1 Qf5 20. Rb2 Rb4 21. Qd4 Rab8 22. Bd2 R4b7 23. Re1 f6 24. Re3 c5 25. Qh4 g5 26. Qg3 Bxc4 27. Bxa5 Bxb3 28. h4 Bxa4 29. Rxb7 Rxb7 30. hxg5 Qxg5 31. Qh3 Kh8 32. Bc3 Rb1+ 33. Kh2 Qf4+ 34. Rg3 e5 35. Qh5 Rb8 36. Qf7 Qh6+ 37. Rh3 Qg7 38. Qc4 Bc6 39. Rg3 Qh6+ 40. Rh3 Qg7 41. Rg3 Qh6+ 42. Rh3 Qg6 43. Rg3 Qh5+ 44. Rh3 Qf5 45. Rg3 Rf8 46. Qxc5 Qh5+ 47. Rh3 Qg4 48. Rg3 Qh4+ 49. Rh3 Qf4+ 50. Rg3 Rg8 51. Qe3 Qh4+ 52. Kg1 Rb8 53. Rh3 Qg4 54. f3 Qg7 55. Kh2 Rg8 56. Qf2 Qg5 57. Qg3 Qxg3+ 58. Rxg3 Rxg3 59. Kxg3 Kg7 60. Kf2 Kg6 61. g4 e4 62. fxe4 Bxe4 63. Kg3 f5 64. gxf5+ Bxf5 65. Kh4 1/2-1/2

[Event "2026 European Womens Championship"]
[Site "Batumi, GE"]
[Date "2026.06.01"]
[Round "7"]
[White "Asatiani, Natali"]
[Black "Giorgadze, Mariam Ere"]
[Result "1-0"]
[Board "126"]
[TimeControl "5400+30"]
[WhiteFideId "13636715"]
[BlackFideId "13636839"]
[WhiteElo "1603"]
[BlackElo "1909"]
[WhiteClock "0:20:30"]
[BlackClock "0:24:01"]
[Variant "Standard"]

1. e4 e5 2. Nf3 Nc6 3. d4 exd4 4. Bc4 Nf6 5. e5 d5 6. Bb5 Ne4 7. Nxd4 Bd7 8. Bxc6 bxc6 9. O-O Bc5 10. f3 Ng5 11. f4 Ne4 12. Be3 O-O 13. Nd2 Nxd2 14. Qxd2 Bb6 15. c3 Qe7 16. Rae1 c5 17. Nb3 c4 18. Nc1 c6 19. Bxb6 axb6 20. f5 Qc5+ 21. Kh1 g6 22. Qg5 Rfe8 23. e6 fxe6 24. fxg6 Rf8 25. Rf7 1-0